 Dungeon Sprint DCSS version 0.24-a0-536-gdd4cf15 (webtiles) character file.

Game seed: 852800641382530176

31 silentkaos13 the Insei (level 3, 0/23 HPs)
             Began as an Octopode Transmuter on Aug 11, 2019.
             Slain by a rat (2 damage)
             ... in the Dungeon (Sprint III: "The Ten Rune Challenge").
             The game lasted 00:00:17 (30 turns).

silentkaos13 the Insei (Octopode Transmuter)          Turns: 30, Time: 00:00:18

Health: 0/23       AC:  1    Str:  9    XL:     3   Next: 22%
Magic:  3/7        EV: 14    Int: 16    God:
Gold:   0          SH:  0    Dex: 12    Spells: 7/8 levels left

rFire    . . .     SeeInvis .     - Unarmed
rCold    . . .     Gourm    .   (no shield)
rNeg     . . .     Faith    .   (helmet restricted)
rPois    .         Spirit   .   (no amulet)
rElec    .         Reflect  .   (no ring)
rCorr    .         Harm     .   (no ring)
MR       .....     NoTele   +   (no ring)
Stlth    ++........             (no ring)
HPRegen  0.07/turn              (no ring)
MPRegen  0.10/turn              (no ring)
                                (no ring)
                                (no ring)

@: appendage, slowed, very slow
A: almost no armour, stealthy swim, amphibious, 8 rings, constrict 8, tentacle
spike 3, camouflage 1, gelatinous body 1
a: End Transformation


You were in the Dungeon.
You were not hungry.
One of your tentacles had a temporary spike.
You visited 1 branch

Inventory:

Missiles
 a - 12 arrows
Scrolls
 i - a scroll of blinking
Potions
 d - a potion of curing
 e - 2 potions of heal wounds
 f - a potion of haste
 g - 2 potions of magic
 h - a potion of berserk rage
Comestibles
 c - a ration


   Skills:
 + Level 1.0 Fighting
 + Level 2.8 Dodging
 + Level 5.4 Unarmed Combat
 + Level 3.1 Spellcasting
 + Level 3.0 Transmutations


You had 7 spell levels left.
You knew the following spells:

 Your Spells              Type           Power        Failure   Level  Hunger
a - Beastly Appendage     Tmut           ##....       5%          1    #......

Your spell library contained the following spells:

 Spells                   Type           Power        Failure   Level  Hunger
 Sticks to Snakes         Tmut           ##......     9%          2    ##.....
 Spider Form              Tmut/Pois      #.........   30%         3    ###....
 Ice Form                 Ice/Tmut       #.......     69%         4    #####..
 Blade Hands              Tmut           ##........   83%         5    ######.


Dungeon Overview and Level Annotations

Branches:
Dungeon (1/1)

Altars:


Innate Abilities, Weirdness & Mutations

You cannot wear most types of armour.
You are very stealthy in the water. (Stealth+)
You are amphibious.
You can wear up to eight rings at the same time.
You can use your tentacles to constrict eight enemies at once.
Your skin changes colour to match your surroundings (Stealth+).
Your rubbery body absorbs attacks. (AC +1, EV +1)
One of your tentacles bears a large vicious spike.


Message History

The rat closely misses you.
You tentacle-slap Jessica.
You pierce Jessica, but do no damage.
Jessica is severely wounded.
You constrict Jessica. Jessica gestures at you while chanting.
Pain shoots through your body!
* * * LOW HITPOINT WARNING * * *
The rat closely misses you. Jessica hits you but does no damage.
You tentacle-slap Jessica.
You kill Jessica!
Your Unarmed Combat skill gained 2 levels and is now at level 5!
Your Spellcasting skill increases to level 3!
Your Transmutations skill increases to level 3!
You have reached level 2!
You have reached level 3!
Your experience leads to an increase in your attributes!
Increase (S)trength, (I)ntelligence, or (D)exterity?
You feel clever. The rat barely misses you. The rat bites you.
You die...

▓▓▓▓
▓<.#
▓..#
▓#'####
▓.†...#
▓.....#
▓.....#
▓####'#
▓[..)@#
▓...r.#
▓.....#
▓+#####


You could see a rat.

Vanquished Creatures
  Jessica (D)
  An ooze (D)
  A rat (D)
3 creatures vanquished.

Notes
Turn   | Place    | Note
-------+----------+-------------------------------------------
     0 | D        | silentkaos13 the Octopode Transmuter began the quest for
                  | the Orb.
     0 | D        | Reached XP level 1. HP: 13/13 MP: 3/3
    21 | D        | Noticed Jessica
    30 | D        | Killed Jessica
    30 | D        | Reached skill level 5 in Unarmed Combat
    30 | D        | Reached XP level 2. HP: 1/18 MP: 3/6
    30 | D        | Reached XP level 3. HP: 2/23 MP: 3/7
    30 | D        | Slain by a rat

Levels and vault maps discovered:
D:        dungeon_sprint_mu [sprint_mu_entry_forest, sprint_mu_temple_rooms,
          sprint_mu_d1_horrors, sprint_mu_d2_genie, sprint_mu_d3_branching,
          sprint_mu_orc_legion, sprint_mu_elf_gauntlet, sprint_mu_hive_nellie,
          sprint_mu_lair_fedhas, sprint_mu_vaults_butterflies,
          sprint_mu_slime_circle, sprint_mu_shoals_kraken,
          sprint_mu_snake_twists, sprint_mu_blade_basic,
          sprint_mu_crypt_fortress, sprint_mu_tomb_spiral,
          sprint_mu_vestibule_basic, sprint_mu_gehenna_hellfire,
          sprint_mu_dis_giant, sprint_mu_tartarus_statrot,
          sprint_mu_cocytus_islands, sprint_mu_zot1]

Skill      XL: |  1 |
---------------+----+-----
Unarmed Combat | 5 |  5.4
Spellcasting   | 3 |  3.1
Transmutations | 3 |  3.0
Fighting       | |  1.0
Dodging        | |  2.8

Action                   || total
-------------------------++-------
Melee: Unarmed           ||    13
       Kick              ||     4
       Constrict         ||     2
       Tentacles         ||     1
 Cast: Beastly Appendage ||     2
Dodge: Dodged            ||    13

Table legend:
 A = Non-vault XP
 B = Vault XP
 C = Vault XP percentage of total XP
 D = Non-vault monster count
 E = Vault monster count
 F = Vault count percentage of total count
                 A         B        C        D         E       F
            +---------+---------+-------+---------+---------+-------
      Total |       0 |      45 | 100.0 |       0 |       3 | 100.0
            +---------+---------+-------+---------+---------+-------
          D |       0 |      45 | 100.0 |       0 |       3 | 100.0
            +---------+---------+-------+---------+---------+-------
